 Dungeon Crawl Stone Soup version 0.23.2-40-g277498a001 (webtiles) character file.

Game seed: 147084120054580190

131 DenSaoPin the Ruffian (level 5, 0/49 HPs)
             Began as an Ogre Transmuter on Oct 10, 2019.
             Succumbed to an adder's poison
             ... on level 2 of the Dungeon.
             The game lasted 00:08:15 (3179 turns).

DenSaoPin the Ruffian (Ogre Transmuter)             Turns: 3179, Time: 00:08:16

Health: 0/49       AC:  3    Str: 14    XL:     5   Next: 14%
Magic:  9/9        EV: 16    Int: 19    God:
Gold:   91         SH:  0    Dex: 15    Spells: 5/9 levels left

rFire    . . .     SeeInvis .     - Unarmed
rCold    . . .     Gourm    .   (no shield)
rNeg     . . .     Faith    .   b - +0 robe
rPois    .         Spirit   .   (helmet restricted)
rElec    .         Reflect  .   (no cloak)
rCorr    .         Harm     .   (gloves unavailable)
MR       .....                  (boots unavailable)
Stlth    ++........             (no amulet)
HPRegen  0.16/turn              (no ring)
MPRegen  0.11/turn              (no ring)

@: brilliant, agile, lethally poisoned (0 -> -2), flying
A: large, unfitting armour, tough skin 1
a: no special abilities


You were on level 2 of the Dungeon.
You were hungry.

You visited 1 branch of the dungeon, and saw 2 of its levels.

You collected 91 gold pieces.

Inventory:

Missiles
 a - 32 arrows
Armour
 b - a +0 robe (worn)
Scrolls
 e - 8 scrolls of identify {unknown}
 f - a scroll of teleportation {unknown}
 g - a scroll of amnesia {unknown}
 i - a scroll of immolation {unknown}
Comestibles
 d - 3 rations


   Skills:
 - Level 2.2 Fighting
 + Level 2.9 Dodging
 + Level 3.9 Unarmed Combat
 - Level 2.9 Spellcasting
 - Level 2.2 Transmutations


You had 5 spell levels left.
You knew the following spells:

 Your Spells              Type           Power        Failure   Level  Hunger
a - Beastly Appendage     Tmut           ###...       1%          1    None
b - Spider Form           Tmut/Pois      ###.......   3%          3    ###....

Your spell library contained the following spells:

 Spells                   Type           Power        Failure   Level  Hunger
 Sticks to Snakes         Tmut           ###.....     1%          2    ##.....
 Ice Form                 Ice/Tmut       ###.....     11%         4    ####...
 Blade Hands              Tmut           ###.......   17%         5    ######.


Dungeon Overview and Level Annotations

Branches:
Dungeon (2/15)

Altars:


Innate Abilities, Weirdness & Mutations

You are too large for most types of armour.
You have tough skin. (AC +1)


Message History

The worm is heavily wounded.
* * * LOW HITPOINT WARNING * * *
You feel sick. The worm misses you.
* * * LOW HITPOINT WARNING * * *
You feel sick.
* * * LOW HITPOINT WARNING * * *
You feel sick.
* * * LOW HITPOINT WARNING * * *
You feel sick.
It was a potion of agility.
You feel agile all of a sudden.
It was a potion of brilliance.
You feel clever all of a sudden.
* * * LOW HITPOINT WARNING * * *
You feel sick.
It was a potion of flight.
You feel very buoyant.
You fly up into the air.
There is a lethal amount of poison in your body!
You die...

##################
.................#
################.# #.# #.# #.#
##########@# #......).#.#
######.#####.##.##############
.......)(...w...#............#
.......#).##(#..............##
.......#..##.#.....########.#
.......#..##.#.##....# #.#
.......#..##.#####.#.# #.#
....$..#..##.......#.# #.#


There were no monsters in sight!

Vanquished Creatures
  A scorpion (D:2)
  An adder (D:2)
  An ooze (D:2)
  2 worms (D:2)
  3 dart slugs (D:1)
  A leopard gecko (D:1)
  8 bats
  4 giant cockroaches
  6 goblins
  7 hobgoblins
  3 jackals (D:1)
  A ball python (D:1)
  3 frilled lizards
  9 kobolds
  4 rats
54 creatures vanquished.

Notes
Turn   | Place    | Note
-------+----------+-------------------------------------------
     0 | D:1      | DenSaoPin the Ogre Transmuter began the quest for the Orb.
     0 | D:1      | Reached XP level 1. HP: 19/19 MP: 3/3
   553 | D:1      | Reached XP level 2. HP: 28/28 MP: 3/5
   678 | D:1      | Reached skill level 3 in Unarmed Combat
   719 | D:1      | Reached XP level 3. HP: 34/35 MP: 7/7
  1995 | D:2      | Noticed an ogre
  2372 | D:2      | Learned a level 3 spell: Spider Form
  2516 | D:2      | Reached XP level 4. HP: 42/42 MP: 4/8
  2857 | D:2      | Reached XP level 5. HP: 48/49 MP: 5/9
  3169 | D:2      | HP: 2/49 [poisoned by an adder]
  3176 | D:2      | HP: 1/49 [poisoned by an adder]
  3179 | D:2      | Succumbed to an adder's poison

Skill      XL: |  1  2 |
---------------+-------+-----
Dodging        | 2 |  2.9
Unarmed Combat | 3 |  3.9
Transmutations | 2 |  2.2
Fighting       | 2 |  2.2
Spellcasting   | |  2.9

Action                   |  1- 3 |  4- 6 || total
-------------------------+-------+-------++-------
Melee: Unarmed           |   191 |    64 ||   255
       Headbutt          |     9 |       ||     9
       Kick              |     2 |       ||     2
       Punch             |       |     2 ||     2
 Cast: Beastly Appendage |     5 |       ||     5
       Spider Form       |     2 |     1 ||     3
  Use: Potion            |       |     3 ||     3
  Eat: Chunk             |     2 |     2 ||     4
       Ration            |     1 |       ||     1
Armor: Robe              |    73 |    32 ||   105
       Skin              |       |     1 ||     1
Dodge: Dodged            |   134 |    47 ||   181
